 Dungeon Crawl Stone Soup version 0.29-a0-923-g6e406bff71 (webtiles) character file.

Game seed: 6383589022250042200

56 LynnLen the Ruffian (level 3, 0/28 HPs)
             Began as a Draconian Transmuter on July 28, 2022.
             Slain by a scorpion (3 damage)
             ... on level 3 of the Dungeon.
             The game lasted 00:04:47 (2121 turns).

LynnLen the Ruffian (Draconian Transmuter)          Turns: 2121, Time: 00:04:48

Health: 0/28       AC:  7    Str: 12    XL:     3   Next: 69%
Magic:  5/6        EV: 11    Int: 15    God:
Gold:   123        SH:  6    Dex: 11    Spells: 0/6 levels left

rFire   . . .      SeeInvis .     - Unarmed
rCold   . . .      Faith    .   d - +3 warlock's mirror {reflect}
rNeg    . . .      Spirit   .   (body armour unavailable)
rPois   .          Reflect  +   (helmet currently unavailable)
rElec   .          Harm     .   b - +1 cloak
rCorr   .          Rampage  .   (no gloves)
Will    .....                   (boots currently unavailable)
Stlth   +.........              c - amulet of the acrobat
HPRegen 0.09/turn               (no ring)
MPRegen 0.10/turn               (no ring)

@: lethally poisoned (0 -> -9), appendages
A: horns 2, talons 2, AC +5, unfitting armour, cold-blooded
a: End Transformation


You were on level 3 of the Dungeon.
You had temporarily grown beastly horns and talons.
You visited 1 branch of the dungeon, and saw 3 of its levels.

You collected 123 gold pieces.

Inventory:

Armour
 b - a +1 cloak (worn)
 d - the +3 warlock's mirror (worn) {reflect}
   (You acquired it on level 2 of the Dungeon)

   It can block and reflect piercing ranged attacks and magical attacks against
   the wielder's willpower.
Jewellery
 c - an amulet of the acrobat (around neck)
Scrolls
 e - 2 scrolls of identify {unknown}
Potions
 a - 2 potions of lignification
 f - a potion of curing {unknown}
 g - a potion of magic {unknown}
 h - 2 potions of berserk rage {unknown}


   Skills:
 + Level 1.4 Fighting
 * Level 2.1 Dodging
 + Level 3.9 Unarmed Combat
 * Level 2.4 Spellcasting
 * Level 2.2 Transmutations


You couldn't memorise any spells.
You knew the following spells:

 Your Spells              Type           Power      Damage    Failure   Level
a - Beastly Appendage     Tmut           16%        N/A       12%         1
b - Wereblood             Tmut           8%         N/A       17%         2
c - Spider Form           Tmut/Pois      5%         N/A       50%         3

Your spell library contained the following spells:

 Spells                   Type           Power      Damage    Failure   Level
 Gell's Gravitas          Tloc           1%         N/A       65%         3
 Teleport Other           Tloc           1%         N/A       65%         3
 Ice Form                 Ice/Tmut       5%         N/A       88%         4
 Dispersal                Tloc           0%         N/A       100%        6


Dungeon Overview and Level Annotations

Branches:
Dungeon (3/15)

Altars:
Okawaru

Annotations:
D:3 3 runed translucent doors, xian's ghost, amateur SpCj


Innate Abilities, Weirdness & Mutations

You have temporarily grown beastly horns and talons.
Your plain brown scales are hard. (AC +5)
You cannot fit into any form of body armour.
You are cold-blooded and may be slowed by cold attacks.


Message History

The bat hits you but does no damage.
You closely miss the bat. The bat hits you but does no damage.
You hit the bat.
You kill the bat!
You see here a bat corpse.
You see here 17 gold pieces.
You now have 123 gold pieces (gained 17).
The scorpion stings you.
You are poisoned.
The scorpion poisons you!
Casting: Beastly Appendage (safe; 12% risk of failure)
Press: ? - help, Q - select action, (/) - cycle Dir - look around, f - activate You grow a pair of large bovine horns.
Your feet morph into talons.
You feel very sick.
The scorpion stings you but does no damage.
You closely miss the scorpion.
You claw the scorpion, but do no damage.
You tail-slap the scorpion, but do no damage.
You feel sick. The scorpion stings you.
You are lethally poisoned!
The scorpion poisons you!
You hit the scorpion. Your kick misses the scorpion.
You headbutt the scorpion, but do no damage.
The scorpion is lightly wounded.
You feel very sick. The scorpion stings you.
You closely miss the scorpion.
The scorpion is lightly wounded.
* * * LOW HITPOINT WARNING * * *
You feel very sick.
The scorpion stings you but does no damage.
You hit the scorpion but do no damage. You claw the scorpion.
You headbutt the scorpion.
You tail-slap the scorpion, but do no damage.
The scorpion is severely wounded.
* * * LOW HITPOINT WARNING * * *
You feel very sick. You block the scorpion's attack. x2
The scorpion attacks as you move away! The scorpion stings you.
You die...

#. ..≈≈
.≈≈≈≈≈###.#########...
.≈≈≈≈≈................
#≈≈≈≈.............#
#≈≈≈≈≈............#
#≈≈≈≈≈...........#
#####≈≈≈≈..........##
##..88≈≈≈≈≈88..s..†#.....P
#....)........@....# .....
#..................# ....
##...88≈≈≈≈≈88.....#..P....
#.......≈≈≈≈≈......#.......
#.......≈≈≈≈≈......#P.P.. .
#........≈≈≈≈......#P..P.
#######..#≈≈≈≈≈..########_
## #.##≈≈≈≈≈.... P. .#
#.##.≈≈≈≈###.


You could see a scorpion.

Vanquished Creatures
  An adder (D:2)
  A dart slug (D:1)
  5 ball pythons
  4 endoplasms
  5 goblins (D:2)
  3 hobgoblins
  9 kobolds
  A quokka (D:3)
  11 bats
  2 rats
42 creatures vanquished.

Vanquished Creatures (others)
  5 demonic plants (D:3)
  A fungus (D:3)
  A withered plant (D:3)
7 creatures vanquished.

Grand Total: 49 creatures vanquished

Notes
Turn   | Place    | Note
-------+----------+-------------------------------------------
     0 | D:1      | LynnLen the Draconian Transmuter began the quest for the
                  | Orb.
     0 | D:1      | Reached XP level 1. HP: 16/16 MP: 3/3
   476 | D:1      | Reached XP level 2. HP: 23/23 MP: 3/5
  1043 | D:2      | Reached XP level 3. HP: 19/28 MP: 4/6
  1177 | D:2      | Found an iron altar of Okawaru.
  1310 | D:2      | Learned a level 2 spell: Wereblood
  1314 | D:2      | Learned a level 3 spell: Spider Form
  1781 | D:2      | Identified a scroll of acquirement
  1781 | D:2      | Acquired the +3 warlock's mirror {reflect}
  1781 | D:2      | Found the +3 warlock's mirror {reflect}
  1883 | D:3      | Found a runed translucent gate.
  1884 | D:3      | Found a runed translucent gate.
  1885 | D:3      | Found a runed translucent gate.
  1885 | D:3      | Noticed xian's ghost (amateur SpCj)
  1885 | D:3      | Noticed a kobold brigand
  1963 | D:3      | Found a faded altar of an unknown god.
  1965 | D:3      | Noticed a scorpion
  2121 | D:3      | Slain by a scorpion

Illustrated notes

Levels and vault maps discovered:
D:1:      nagdon_arrival_double_spiral, layout_loops_ring
D:2:      layout_loops_ring, basic_altar, roderic_three_in_a_row
D:3:      wander_river, layout_rooms, nicolae_qazlal_eye_of_the_storm,
          mainiacjoe_overflow_small_starburst, gammafunk_ghost_nasty_kobolds,
          shapermc_ecumenical_altar_gd, minmay_cupped, uniq_robin

Skill      XL: |  1  2 |
---------------+-------+-----
Dodging        | 2 |  2.1
Fighting       | |  1.4
Unarmed Combat | |  3.9
Spellcasting   | |  2.4
Transmutations | |  2.2

Action                   || total
-------------------------++-------
Melee: Unarmed           ||   109
       Kick              ||    12
       Headbutt          ||     9
       Tailslap          ||     8
       Punch             ||     2
 Cast: Beastly Appendage ||    18
  Use: Scroll            ||     3
 Stab: Sleeping          ||     1
Armor: Skin              ||    34
Dodge: Dodged            ||   110
Block: Buckler           ||     9

Table legend: (Time is in decaauts)
 A = Elapsed time spent in this place.
 B = Non-inter-level travel time spent in this place.
 C = Inter-level travel time spent in this place.
 D = Time resting spent in this place.
 E = Time spent auto-exploring this place.
 F = Levels seen in this place.
 G = Mean time per level.
                   A        B        C        D        E       F      G
               +--------+--------+--------+--------+--------+-----+--------+
         Total |   2125 |   2125 |      0 |    161 |   1233 |   3 |  708.3 |
       Dungeon |   2125 |   2125 |      0 |    161 |   1233 |   3 |  708.3 |
               +--------+--------+--------+--------+--------+-----+--------+

Top non-repeatable levels by time:
     D:1: 1036 daAuts
     D:2: 814 daAuts
     D:3: 274 daAuts
